 Dungeon Crawl Stone Soup version 0.28.0 (webtiles) character file.

Game seed: 5861777091547163189

135 Descartes the Ruffian (level 4, -2/42 HPs)
             Began as a Troll Warper on Feb 12, 2022.
             Slain by Sigmund (9 damage)
             ... on level 3 of the Dungeon.
             The game lasted 00:03:02 (2116 turns).

Descartes the Ruffian (Troll Warper)                Turns: 2116, Time: 00:03:03

Health: -2/42      AC:  4    Str: 19    XL:     4   Next: 97%
Magic:  5/5        EV: 10    Int: 11    God:
Gold:   83         SH:  0    Dex:  9    Spells: 6/6 levels left

rFire   . . .      SeeInvis .     - Unarmed
rCold   . . .      Faith    .   (no shield)
rNeg    . . .      Spirit   .   a - +0 robe
rPois   +          Reflect  .   (helmet restricted)
rElec   .          Harm     .   (no cloak)
rCorr   .          Rampage  .   (gloves unavailable)
Will    .....                   (boots unavailable)
Stlth   +.........              (no amulet)
HPRegen 0.94/turn               n - ring of poison resistance
MPRegen 0.09/turn               (no ring)

@: no status effects
A: large, unfitting armour, claws 3, regeneration 1, shaggy fur 1, tough skin 1
a: no special abilities


You were on level 3 of the Dungeon.
You visited 1 branch of the dungeon, and saw 3 of its levels.

You collected 83 gold pieces.

Inventory:

Missiles
 c - 5 boomerangs of dispersal (quivered)
 g - 90 stones
 j - 2 throwing nets
Armour
 a - a +0 robe (worn)
Jewellery
 n - a ring of poison resistance (left claw)
Wands
 k - a wand of digging (9)
Scrolls
 b - a scroll of blinking
 d - 4 scrolls of teleportation {unknown}
 e - a scroll of magic mapping {unknown}
 f - a scroll of identify {unknown}
 h - 2 scrolls of summoning {unknown}
 l - a scroll of torment {unknown}
 p - a scroll of brand weapon {unknown}
Potions
 i - a potion of flight {unknown}
 m - a potion of berserk rage {unknown}
 o - a potion of haste {unknown}


   Skills:
 + Level 2.2 Fighting
 + Level 1.7 Throwing
 + Level 2.4 Dodging
 + Level 2.7 Unarmed Combat
 + Level 1.6 Spellcasting
 + Level 2.6 Translocations
 + Level 0.5 Evocations


You had 6 spell levels left.
You didn't know any spells.
Your spell library contained the following spells:

 Spells                   Type           Power      Damage    Failure   Level
 Blink                    Tloc           12%        N/A       16%         2
 Slow                     Hex            0%         N/A       30%         1
 Gell's Gravitas          Tloc           6%         N/A       30%         3
 Lesser Beckoning         Tloc           6%         N/A       30%         3
 Teleport Other           Tloc           6%         N/A       30%         3
 Confusing Touch          Hex            0%         N/A       67%         3
 Vampiric Draining        Necr           0%         2d6       67%         3
 Manifold Assault         Tloc           6%         N/A       96%         5


Dungeon Overview and Level Annotations

Branches:
Dungeon (3/15)

Altars:

Shops:
D:2 [   D:3 [

Annotations:
D:3 Sigmund


Innate Abilities, Weirdness & Mutations

You are too large for most types of armour.
You have claws for hands.
Your natural rate of healing is unusually fast.
You are covered in fur. (AC +1)
You have tough skin. (AC +1)


Message History

No target in view!
No target in view!
No target in view!
No target in view!
No target in view!
No target in view!
No target in view!
No target in view!
No target in view!
No target in view!
Something hits you!
You barely miss something. You miss something.
You hear some strange, mumbled words.
Something tries to affect you, but you resist.
You closely miss something.
You hear some strange, mumbled words.
A puff of flame appears from out of thin air!
The puff of flame hits you!
You scratch something. Something hits you.
You miss something. You barely miss something. Something hits you!
You scratch something.
You hear some strange, mumbled words.
You are confused.
You bump into the rock wall.
Something hits you!
* * * LOW HITPOINT WARNING * * *
You miss something.
You bump into the rock wall.
Something hits you.
* * * LOW HITPOINT WARNING * * *
Something hits you.
* * * LOW HITPOINT WARNING * * *
You barely miss something.
You feel less confused. Something hits you.
* * * LOW HITPOINT WARNING * * *
You claw something! You barely miss something.
Something hits you but does no damage.
You miss something. Something hits you!
You die...

###### ##.....
#.....# ###
######...... #..
...........# #.#
######...## #{#
#........ #@#
#.###.### #.# #.#
#.# # #.###
####.###.# #
##...###........# #
#.....##........###
#.##..##..>...)....
#. #...............
#. #.###.......##..
.. #.# #....†..#.##


There were no monsters in sight!

Vanquished Creatures
  Terence (D:3)
  3 gnolls (D:2)
  3 adders
  A dart slug (D:2)
  3 ball pythons (D:1)
  2 bats
  4 endoplasms
  2 giant cockroaches (D:2)
  7 goblins
  7 hobgoblins
  2 jackals (D:1)
  4 kobolds
  2 quokkas (D:1)
  4 frilled lizards
  11 rats
56 creatures vanquished.

Notes
Turn   | Place    | Note
-------+----------+-------------------------------------------
     0 | D:1      | Descartes the Troll Warper began the quest for the Orb.
     0 | D:1      | Reached XP level 1. HP: 19/19 MP: 1/1
   124 | D:1      | Reached skill level 1 in Throwing
   166 | D:1      | Reached XP level 2. HP: 28/28 MP: 2/2
   740 | D:2      | Found Veh Xido's Armour Emporium.
   766 | D:2      | Reached XP level 3. HP: 35/35 MP: 4/4
  1256 | D:2      | Reached XP level 4. HP: 42/42 MP: 5/5
  1802 | D:3      | Found Jymunlah's Antique Armour Emporium.
  1981 | D:3      | Noticed Terence
  1997 | D:3      | Killed Terence
  2097 | D:3      | Noticed Sigmund
  2116 | D:3      | Slain by Sigmund

Illustrated notes

Levels and vault maps discovered:
D:1:      eino_arrival_druids_welcome, layout_loops_cross, minmay_hedge_maze,
          st_stairs_13, minmay_tetromino_t4
D:2:      layout_basic, serial_shops, shop
D:3:      layout_loops_ring, serial_shops, nicolae_shop_behind_doors,
          kennysheep_pointless_box, hangedman_decor_push, uniq_terence,
          uniq_sigmund

Skill      XL: |  1  2  3 |
---------------+----------+-----
Throwing       | 1 |  1.7
Dodging        | 2 |  2.4
Fighting       | 2 |  2.2
Unarmed Combat | |  2.7
Spellcasting   | |  1.6
Translocations | |  2.6
Evocations     | |  0.5

Action                   |  1- 3 |  4- 6 || total
-------------------------+-------+-------++-------
Melee: Unarmed           |   111 |    68 ||   179
       Punch             |     3 |     1 ||     4
  Use: Potion            |       |     1 ||     1
 Stab: Sleeping          |     2 |       ||     2
Armor: Robe              |    36 |    12 ||    48
Dodge: Dodged            |    49 |    23 ||    72
